 Dungeon Crawl Stone Soup version 0.19-a0-854-gc78d25d (webtiles) character file.

11764 Implojin the Warrior (level 11, 0/117 HPs)
             Began as a Minotaur Berserker on July 2, 2016.
             Was an Elder of Trog.
             Slain by a jumping spider (2 damage)
             ... on level 4 of the Lair of Beasts.
             The game lasted 00:26:17 (3485 turns).

Implojin the Warrior (Minotaur Berserker)           Turns: 3485, Time: 00:26:18

Health: 0/117      AC: 15    Str: 25    XL:     11   Next: 53%
Magic:  10/10      EV:  7    Int:  4    God:    Trog [****..]
Gold:   93         SH:  0    Dex: 13    Spells: 0 memorised, 10 levels left

rFire  . . .     SeeInvis .     y - +0 broad axe
rCold  . . .     Gourm    .     h - +0 plate armour
rNeg   + . .     Faith    .     v - +2 buckler
rPois  .         Spirit   .     (helmet restricted)
rElec  .         Dismiss  .     r - +2 cloak
rCorr  .         Reflect  .     (no gloves)
SustAt .         Harm     .     B - +0 pair of boots
MR     ++...                    (no amulet)
Stlth  ..........               x - ring of positive energy
                                l - +3 ring of strength

@: confused, lethally poisoned (0 -> -2), very slightly contaminated,
regenerating, hasted, very quick, very resistant to hostile enchantments,
extremely unstealthy
A: retaliatory headbutt, horns 2
a: Berserk, Trog's Hand, Brothers in Arms, Burn Spellbooks, Renounce Religion


You were on level 4 of the Lair of Beasts.
You worshipped Trog.
Trog was greatly pleased with you.
You were not hungry.

You visited 2 branches of the dungeon, and saw 16 of its levels.

You collected 230 gold pieces.
You spent 137 gold pieces at shops.

Inventory:

Hand Weapons
 a - a +0 hand axe
 d - a +0 war axe
 e - a +1 hunting sling of freezing
 y - a +0 broad axe (weapon)
Missiles
 f - 79 stones (quivered)
 C - 4 curare-tipped needles
Armour
 h - a +0 plate armour (worn)
 o - a +0 cloak
 r - a +2 cloak (worn)
 t - a +1 chain mail
 v - a +2 buckler (worn)
 B - a +0 pair of boots (worn)
 G - a troll hide
 H - a steam dragon hide
Magical Staves
 q - an uncursed staff of summoning {unknown}
Jewellery
 l - a +3 ring of strength (left hand)
 p - an uncursed ring of flight
 x - a ring of positive energy (right hand)
 E - an uncursed ring of magical power
Wands
 g - a wand of acid (2/15)
 i - a wand of confusion (17/48)
 j - a wand of confusion (26/48)
 m - a wand of iceblast (4/15)
 u - a wand of random effects (24/48)
 w - a wand of heal wounds (1/9)
 D - a wand of slowing (30/48)
 N - a wand of lightning (4/15)
Scrolls
 c - a scroll of recharging {unknown}
 s - a scroll of magic mapping
 z - a scroll of identify
 A - 2 scrolls of teleportation
 L - a scroll of torment {unknown}
 M - a scroll of fog
Potions
 n - a potion of mutation
Comestibles
 I - 7 royal jellies
 J - a bread ration
 O - 6 chunks of flesh


   Skills:
 - Level 17.0 Fighting
 * Level 12.9 Axes
 - Level 2.4 Armour
 - Level 2.1 Dodging


You had 10 spell levels left.
You didn't know any spells.

Dungeon Overview and Level Annotations

Branches:
Dungeon (12/15)              Lair (4/6) D:11         Spider (0/4) Lair:4
    Orc (0/2) D:9
 Temple: D:4-7        Swamp: Lair:2-4    Shoals: Lair:2-4

Altars:
Cheibriados
Nemelex Xobeh
Okawaru
Trog
Vehumet

Shops:
D:10 ?*[}((

Annotations:
D:4 xnavy's ghost, amateur DgIE
D:9 1 runed door, exclusion: orange crystal statue


Innate Abilities, Weirdness & Mutations

You reflexively headbutt those who attack you in melee.
You have a pair of horns on your head.


Message History

Okay, then.
You feel better. The jumping spider pounces on you.
* * * LOW HITPOINT WARNING * * *
The jumping spider completely misses you.
The redback bites you!
* * * LOW HITPOINT WARNING * * *
You are lethally poisoned!
The redback poisons you! The komodo dragon barely misses you.
You furiously retaliate!
You headbutt the komodo dragon!
The jumping spider leaps!
Unknown command.
Okay, then.
Okay, then.
Your skin crawls.
You feel resistant to hostile enchantments.
You feel somewhat more hungry.
* * * LOW HITPOINT WARNING * * *
You feel sick.
The jumping spider leaps! x2
The jumping spider pounces on the plant!
The jumping spider bites the plant but does no damage.
You disentangle yourself.
* * * LOW HITPOINT WARNING * * *
You feel sick.
The komodo dragon bites you but does no damage.
The redback bites you but does no damage.
The jumping spider pounces on the plant!
The jumping spider bites the plant.
Unknown command.
* * * LOW HITPOINT WARNING * * *
You feel sick.
The jumping spider leaps!
Found a helmet.
Found a stone staircase leading up.
Okay, then.
It was a potion of ambrosia.
You are confused.
You feel invigorated.
* * * LOW HITPOINT WARNING * * *
You feel sick.
The jumping spider pounces on you but does no damage.
The jumping spider bites you.
You die...

..............;≈≈
....#............
...#..P.)<.......
.................
....#...........
.. ##..sP#......
###..lP##......
#.^§.ss.##.....
#..^^^##@#.#P....
#..^..##..........
#.^...##...####...
...^.. #...#
.>..## [..§. .$.#
...... ## .......
..<......


You could see a komodo dragon, 2 jumping spiders and a redback.

Vanquished Creatures
  A hydra (D:8)
  An unseen horror (D:10)
  2 hill giants
  The ghost of Implojin the Cleaver, a novice MiBe of Trog (D:11)
  Pikel (D:8)
  The ghost of Implojin the Cleaver, a novice MiBe of Trog (D:8)
  A manticore (D:11)
  Maurice (D:8)
  Psyche (D:8)
  3 komodo dragons
  A queen bee (D:10)
  2 trolls
  A blink frog (Lair:3)
  Sigmund (D:5)
  A shadow (D:10)
  A vampire (D:10)
  3 yaks (D:11)
  A steam dragon (D:9)
  4 hungry ghosts
  A porcupine (Lair:1)
  Duvessa (D:7)
  3 water moccasins
  4 orc warriors
  A black bear (D:9)
  2 slaves (D:8)
  2 ice beasts
  A wasp (D:9)
  A sky beast (D:11)
  2 ogres
  A necrophage (D:10)
  5 centaurs
  A big kobold (D:9)
  6 giant frogs
  Dowan (D:7)
  2 scorpions
  24 killer bees
  A howler monkey (D:9)
  2 crimson imps
  A quasit (D:11)
  5 orc priests
  A gnoll shaman (D:9)
  A hound (D:11)
  An iron imp (D:9)
  An orc wizard (D:9)
  2 iguanas
  2 worker ants
  A hound skeleton (D:11)
  A worker ant zombie (D:10)
  3 gnolls (D:9)
  3 adders
  A shadow imp (D:7)
  14 orcs
  A giant cockroach (D:7)
  A goblin (D:2)
  2 hobgoblins
  4 kobolds (D:9)
  2 quokkas
  A giant gecko zombie (D:7)
  A quokka skeleton (D:6)
  A quokka zombie (D:8)
  A rat (D:1)
  2 plants (D:11)
142 creatures vanquished.

Vanquished Creatures (collateral kills)
  A killer bee (D:9)
1 creature vanquished.

Vanquished Creatures (others)
  A crocodile (D:12)
  A killer bee (D:9)
2 creatures vanquished.

Grand Total: 145 creatures vanquished

Notes
Turn   | Place    | Note
-------+----------+-------------------------------------------
     0 | D:1      | Implojin the Minotaur Berserker began the quest for the Orb.
     0 | D:1      | Reached XP level 1. HP: 19/19 MP: 0/0
    68 | D:2      | Reached skill level 4 in Axes
   167 | D:3      | You fall through a shaft for 2 floors!
   167 | D:5      | Entered Level 5 of the Dungeon
   167 | D:5      | Noticed a water moccasin
   167 | D:5      | Noticed an iguana
   167 | D:5      | Noticed a scorpion
   175 | D:5      | Killed a water moccasin
   175 | D:5      | Reached skill level 6 in Axes
   175 | D:5      | Reached XP level 2. HP: 10/26 MP: 1/1
   175 | D:5      | Reached XP level 3. HP: 12/31 MP: 2/2
   175 | D:5      | Reached XP level 4. HP: 15/39 MP: 3/3
   178 | D:5      | Reached skill level 7 in Axes
   178 | D:5      | Reached XP level 5. HP: 12/45 MP: 4/4
   225 | D:5      | Found a sparkling altar of Nemelex Xobeh.
   249 | D:4      | Noticed xnavy's ghost (amateur DgIE)
   409 | D:5      | Noticed Sigmund
   423 | D:5      | Killed Sigmund
   423 | D:5      | Reached skill level 8 in Axes
   423 | D:5      | Reached XP level 6. HP: 20/51 MP: 5/5
   497 | D:6      | Reached skill level 9 in Axes
   647 | D:5      | Reached XP level 7. HP: 4/57 MP: 6/6
   753 | D:7      | Noticed Duvessa
   763 | D:7      | Killed Duvessa
   763 | D:7      | Reached skill level 10 in Axes
   868 | D:7      | Noticed Dowan
   881 | D:7      | Killed Dowan
   971 | D:7      | Reached skill level 11 in Axes
  1074 | D:8      | Noticed Psyche
  1086 | D:8      | Killed Psyche
  1086 | D:8      | Reached skill level 12 in Axes
  1086 | D:8      | Reached XP level 8. HP: 64/64 MP: 7/7
  1124 | D:8      | Noticed Implojin's ghost (novice MiBe)
  1132 | D:8      | Killed Implojin's ghost
  1132 | D:8      | Reached skill level 6 in Fighting
  1138 | D:8      | Noticed Pikel
  1155 | D:8      | Reached skill level 7 in Fighting
  1166 | D:8      | Found a sparkling altar of Nemelex Xobeh.
  1181 | D:9      | Found a bloodstained altar of Trog.
  1225 | D:9      | Found a radiant altar of Vehumet.
  1227 | D:9      | Found an iron altar of Okawaru.
  1232 | D:9      | HP: 3/73 [wasp (8)]
  1235 | D:9      | Reached XP level 9. HP: 4/81 MP: 8/8
  1240 | D:9      | Noticed a troll
  1255 | D:9      | Killed a troll
  1255 | D:9      | Reached ** piety under Trog
  1255 | D:9      | Reached skill level 8 in Fighting
  1309 | D:9      | Found a runed door.
  1331 | D:9      | Found a runed door.
  1337 | D:9      | Noticed an orange crystal statue
  1337 | D:9      | Noticed a hill giant
  1344 | D:9      | Killed a hill giant
  1344 | D:9      | Reached skill level 10 in Fighting
  1352 | D:9      | Found a runed door.
  1380 | D:9      | Noticed a queen bee
  1388 | D:9      | Found a runed door.
  1513 | D:9      | Found a snail-covered altar of Cheibriados.
  1546 | D:9      | Reached skill level 11 in Fighting
  1587 | D:10     | Entered Level 10 of the Dungeon
  1627 | D:10     | Found Vineschu's Weapon Shop.
  1698 | D:10     | Found Impu Ifo's Antique Weapon Boutique.
  1726 | D:10     | Noticed a hill giant
  1729 | D:10     | Reached skill level 12 in Fighting
  1748 | D:10     | Killed a hill giant
  1748 | D:10     | Reached XP level 10. HP: 75/98 MP: 9/9
  1768 | D:10     | Found Dufan's Gadget Shoppe.
  1797 | D:10     | Found Gittink's Antique Armour Boutique.
  1801 | D:10     | Bought a glowing cloak for 72 gold pieces
  1903 | D:10     | Reached skill level 13 in Fighting
  1914 | D:10     | Killed an unseen horror
  1924 | D:9      | Reached *** piety under Trog
  2025 | D:10     | Found Odeaniu's Changing Room.
  2077 | D:10     | Reached skill level 14 in Fighting
  2252 | D:11     | Noticed Implojin's ghost (novice MiBe)
  2262 | D:11     | Killed Implojin's ghost
  2268 | D:11     | Reached skill level 15 in Fighting
  2367 | D:11     | Noticed a manticore
  2373 | D:11     | Killed a manticore
  2416 | D:11     | Reached XP level 11. HP: 67/112 MP: 10/10
  2726 | D:10     | Found Cituaz's Magic Scroll Shop.
  2738 | D:10     | Bought a scroll of magic mapping for 35 gold pieces
  2738 | D:10     | Bought a scroll of teleportation for 30 gold pieces
  2862 | D:9      | Reached **** piety under Trog
  2863 | D:9      | Reached skill level 16 in Fighting
  2869 | D:8      | Noticed Maurice
  2869 | D:8      | Noticed an eight-headed hydra
  2889 | D:8      | Killed a 12-headed hydra
  2937 | D:8      | Killed Maurice
  2993 | D:8      | Killed Pikel
  3241 | D:11     | Found a staircase to the Lair.
  3253 | Lair:1   | Entered Level 1 of the Lair of Beasts
  3315 | Lair:2   | Reached skill level 17 in Fighting
  3473 | Lair:4   | Found a hole to the Spider Nest.
  3481 | Lair:4   | HP: 4/117 [redback (10)]
  3484 | Lair:4   | HP: 1/117 [poisoned by a redback]
  3485 | Lair:4   | Slain by a jumping spider

Vault maps used:
D:1:      minmay_arrival_checkered_box
D:2:      lemuel_crystal_altar, led_sif_pool, first_bread, hex_intersection,
          st_stairs_1
D:4:      overflow_temple_1_default, minmay_bisected
D:5:      basic_altar, hex_large, uniq_sigmund
D:6:      gammafunk_temple_overflow_wave, kennysheep_okawaru_gauntlet,
          uniq_prince_ribbit1
D:7:      gup_ossuary_entry_pyramid, solitary_fountain, uniq_joseph,
          uniq_duvessa
D:8:      nemelex_xobeh_ov_fountains_minmay, uniq_pikel, uniq_maurice,
          uniq_psyche
D:9:      grunt_temple_overflow_open, slow_altar_1, david_orc_4, special_room,
          minmay_statue_crystal_thing
D:10:     serial_shops, nicolae_shop_statue_plus, shop, shop, kennysheep_mini,
          shop, david_nohive_1, nicolae_transmutations_shop
D:11:     david_lair_shrubbed
D:12:     bh_circular_ruins, uniq_fannar
Lair:1:   minmay_lair_oklob_items, serial_bayou_shore_a, serial_bayou_shore_b,
          uniq_harold
Lair:2:   minmay_swamp_entry_eels, fungi_pond_lemuel
Lair:3:   minmay_lair_oklob_chamber, infiniplex_staircase_pool_2,
          grunt_megastairs_2
Lair:4:   spider_nest_entry_funnel_web, nicolae_volcano_entry_batcave,
          lemuel_fruit_fields

Skill      XL: |  1  2  3  4  5  6  7  8  9 10 11 |
---------------+----------------------------------+-----
Axes           | 6 7 8 9 12 | 12.9
Fighting       | 7 12 15 17 | 17.0
Armour         | |  2.4
Dodging        | |  2.1

Action                   |  1- 3 |  4- 6 |  7- 9 | 10-12 || total
-------------------------+-------+-------+-------+-------++-------
Melee: Hand axe          |    10 |    22 |       |       ||    32
       Headbutt          |     1 |     3 |    43 |    62 ||   109
       War axe           |       |     2 |   141 |    99 ||   242
       Broad axe         |       |       |       |   149 ||   149
Invok: Berserk           |     2 |     6 |    12 |    14 ||    34
       Trog's Hand       |       |       |       |     3 ||     3
       Burn Spellbooks   |       |       |       |     1 ||     1
Evoke: Wand              |       |       |    10 |       ||    10
  Use: Scroll            |       |       |    10 |     4 ||    14
       Potion            |       |       |     6 |     4 ||    10
 Stab: Distracted        |       |       |       |     1 ||     1
  Eat: Chunk             |       |     5 |    13 |    10 ||    28
       Meat ration       |       |     1 |       |     1 ||     2
       Bread ration      |       |       |     1 |     2 ||     3
Armor: Animal skin       |     2 |     1 |       |       ||     3
       Ring mail         |       |       |     4 |       ||     4
       Chain mail        |       |       |    60 |       ||    60
       Plate armour      |       |       |    31 |   179 ||   210
Dodge: Dodged            |    12 |     7 |    86 |    86 ||   191
Block: Buckler           |       |       |       |    74 ||    74

Table legend:
 A = Turns spent in this place as a percentage of turns spent in the entire game.
 B = Non-inter-level travel turns spent in this place as a percentage of non-inter-level travel turns spent in the entire game.
 C = Inter-level travel turns spent in this place as a percentage of turns spent in this place.
 D = Turns resting spent in this place as a percentage of non-inter-level travel turns spent in this place.
 E = Turns spent auto-exploring this place as a percentage of non-inter-level travel turns spent in this place.
 F = Non-inter-level travel turns spent in this place divided by the number of levels of this place that you've seen.
                   A       B       C       D       E      F
               +-------+-------+-------+-------+-------+----------------------
         Total | 100.0 | 100.0 |   0.0 |   1.9 |   0.0 | 198.9
       Dungeon |  94.0 |  94.0 |   0.0 |   1.8 |   0.0 | 249.4
          Lair |   6.0 |   6.0 |   0.0 |   4.2 |   0.0 |  47.5
               +-------+-------+-------+-------+-------+----------------------

Table legend:
 A = Kills in this place as a percentage of kills in entire the game.
 B = Kills by you in this place as a percentage of kills by you in the entire game.
 C = Kills by friends in this place as a percentage of kills by friends in the entire game.
 D = Other kills in this place as a percentage of other kills in the entire game.
 E = Experience gained in this place as a percentage of experience gained in the entire game.
 F = Experience gained in this place divided by the number of levels of this place that you have seen.
                   A       B       C       D       E      F
               +-------+-------+-------+-------+-------+----------------------
         Total | 100.0 | 100.0 | 100.0 | 100.0 | 100.0 | 1050.4
       Dungeon |  95.0 |  94.9 | 100.0 | 100.0 |  91.0 | 1274.8
          Lair |   5.0 |   5.1 |   0.0 |   0.0 |   9.0 | 377.2
               +-------+-------+-------+-------+-------+----------------------
